 Dungeon Crawl Stone Soup version 0.16.2-12-gd0ad4c3 (webtiles) character file.

492 rlgrobin the Cudgeler (level 7, -1/41 HPs)
             Began as a Gargoyle Fighter on Sept 1, 2016.
             Slain by an ufetubus (2 damage)
             ... summoned by Eustachio
             ... on level 5 of the Dungeon.
             The game lasted 00:08:15 (3473 turns).

rlgrobin the Cudgeler (Gargoyle Fighter)            Turns: 3473, Time: 00:08:16

Health: -1/41      AC: 18    Str: 25    XL:     7   Next: 14%
Magic:  7/7        EV:  7    Int:  8    God:
Gold:   126        SH:  9    Dex: 11    Spells: 0 memorised, 6 levels left

rFire  . . .     SeeInvis .     a - +0 flail
rCold  . . .     Clarity  .     b - +0 scale mail
rNeg   + . .     SustAb   .     c - +0 shield
rPois  ∞         Gourm    .     e - +1 helmet
rElec  +         Spirit   .     (no cloak)
rCorr  .         Warding  .     l - +0 pair of gloves
rMut   .         Stasis   .     w - +2 pair of boots
MR     .....                    (no amulet)
Stlth  ..........               (no ring)
                                (no ring)

@: mighty, not resistant to hostile enchantments, extremely unstealthy
A: negative energy resistance 1, electricity resistance, unbreathing,
petrification resistance, rot immunity, AC +4
a: no special abilities


You were on level 5 of the Dungeon.
You were hungry.

You visited 1 branch of the dungeon, and saw 5 of its levels.

You collected 126 gold pieces.

Inventory:

Hand weapons
 a - a +0 flail (weapon)
Missiles
 o - 4 tomahawks (quivered)
 t - 4 javelins
Armour
 b - a +0 scale mail (worn)
 c - a +0 shield (worn)
 e - a +1 helmet (worn)
 l - a +0 pair of gloves (worn)
 w - a +2 pair of boots (worn)
Scrolls
 f - 2 scrolls of identify
 i - 3 scrolls of remove curse
Potions
 j - a potion of heal wounds {unknown}
 k - a potion of mutation {unknown}
 n - a potion of curing {unknown}
 q - a potion of brilliance {unknown}
 r - a potion of restore abilities {unknown}
 u - 2 potions of resistance {unknown}
 v - 2 potions of haste {unknown}
Comestibles
 d - 2 bread rations
 g - 2 fruits
 h - 3 meat rations
 m - a slice of pizza
 p - 2 chunks of flesh
 x - a beef jerky


   Skills:
 - Level 3.2 Fighting
 + Level 7.5 Maces & Flails
 - Level 3.2 Armour
 - Level 3.2 Shields


You had 6 spell levels left.
You didn't know any spells.

Dungeon Overview and Level Annotations

Branches:
Dungeon (5/15)
 Temple: D:4-7

Altars:
Kikubaaqudgha
Nemelex Xobeh
Trog

Annotations:
D:5 Eustachio


Innate Abilities, Weirdness & Mutations

You are resistant to torment.
You are immune to poison.
Your stone body is very resilient (AC +4).
You resist negative energy.
You are resistant to electric shocks.
You can survive without breathing.
You are immune to petrification.
You are immune to rotting.


Message History

The ufetubus hits you but does no damage.
Eustachio casts a spell.
The ufetubus hits you. You block the ufetubus' attack.
The ogre hits you with a giant club!
* * * LOW HITPOINT WARNING * * *
Read which item? (? for menu, Esc to quit)
Okay, then.
Sorry, you're not good enough to have a special ability.
You sock Eustachio!
Eustachio is almost dead.
You block the bat's attack. The bat barely misses you.
The ufetubus closely misses you. You block the ufetubus' attack.
Eustachio hits you but does no damage.
You miss Eustachio.
Eustachio is almost dead.
The ufetubus barely misses you. You block the ufetubus' attack.
The ogre barely misses you.
Eustachio casts a spell.
Eustachio blinks!
The ufetubus closely misses you. The ufetubus hits you.
You die...

#............_...#####.#
##...............####<.#
#.....................##
#..........###....#####
#..........# ####.# ###
#..........# #.###.....
#..<.O.....# #b@...#
##........## ####5.####
#........#####.O@5##
#.###.####.....##§#
...........######b#
..###.###### #r. ###
#... .... #....# .#.##
#...).. # .# #...... .#
##...##


You could see Eustachio, an ogre, a shadow imp, an ufetubus, 2 bats and a rat.

Vanquished Creatures
  An ogre (D:4)
  A hound (D:4)
  A crimson imp (D:5)
  An iguana (D:4)
  An orc priest (D:3)
  2 worker ants
  Robin (D:2)
  3 adders
  4 gnolls
  A river rat (D:5)
  3 giant mites
  A shadow imp (D:5)
  5 worms
  3 giant geckos
  4 oozes
  2 orcs (D:3)
  2 ball pythons
  7 bats
  10 hobgoblins
  12 jackals
  6 kobolds
  2 quokkas
  4 giant cockroaches
  7 giant newts
  12 goblins
  A quokka skeleton (D:4)
  11 rats
  A rat zombie (D:5)
109 creatures vanquished.

Notes
Turn   | Place    | Note
--------------------------------------------------------------
     0 | D:1      | rlgrobin, the Gargoyle Fighter, began the quest for the Orb.
     0 | D:1      | Reached XP level 1. HP: 14/14 MP: 1/1
    45 | D:1      | Reached XP level 2. HP: 19/19 MP: 2/2
   287 | D:1      | Reached XP level 3. HP: 19/23 MP: 3/3
   730 | D:2      | Noticed Robin
   762 | D:2      | Reached skill level 4 in Maces & Flails
   984 | D:2      | Reached XP level 4. HP: 23/28 MP: 4/4
  1175 | D:2      | Found a bloodstained altar of Trog.
  1554 | D:2      | Found a sparkling altar of Nemelex Xobeh.
  1556 | D:2      | Found an ancient bone altar of Kikubaaqudgha.
  1637 | D:2      | Reached skill level 5 in Maces & Flails
  1637 | D:2      | Reached XP level 5. HP: 11/32 MP: 5/5
  1697 | D:2      | Killed Robin
  2523 | D:4      | Reached skill level 6 in Maces & Flails
  2557 | D:4      | Reached XP level 6. HP: 37/37 MP: 6/6
  2907 | D:4      | Reached skill level 7 in Maces & Flails
  3304 | D:5      | Entered Level 5 of the Dungeon
  3305 | D:5      | Found an ancient bone altar of Kikubaaqudgha.
  3327 | D:5      | Reached XP level 7. HP: 41/41 MP: 7/7
  3349 | D:5      | Noticed Eustachio
  3471 | D:5      | HP: 1/41 [ogre/giant club (14)]
  3473 | D:5      | Slain by an ufetubus

Action                   |  1- 3 |  4- 6 |  7- 9 || total
-------------------------+-------+-------+-------++-------
Melee: Flail             |   157 |   307 |    46 ||   510
  Use: Scroll            |       |     6 |       ||     6
       Potion            |       |     1 |     1 ||     2
  Eat: Chunk             |       |     6 |     1 ||     7
       Beef jerky        |       |     1 |       ||     1
